Unix NetHack Version 3.7.0-80 Work-in-progress - last build Apr 4 2023 12:38:21 (790859391a0ee7bd3181b412646ad1b7e633ff00,branch:master). Game began 2023-04-16 14:24:25, ended 2023-04-18 19:59:03. tromix, chaotic male human Ranger ---------------- |..>........^...## ----- #...............| ## -----0 |(..| #|.@............| # |...-### ---- ##[...| #|...............# # |...|# ###..@@@ # |...| #----------------# #####|(..|# |.@.. # |....# # # #|...|#####-.... ## -----# # # #|...| ----- . ## # ## # #|...| ### # ## # # #---.- # # # # # #####% # # #-----------# # ## #### ----- # #|........%|# ##### ######## # |...| # #-..<......-# # # # # |...|## |.........| # # # -------.--- |...|# ----------- ###-+--|- # |{........| |....# #.....| 0##.[........| |...| |....| |.........| ----- ------ ----------- Tromix the Reconnoiterer St:18/07 Dx:14 Co:18 In:10 Wi:15 Ch:8 Chaotic Dlvl:19 $:0 HP:0(85) Pw:60(60) AC:-19 Xp:12/34037 T:24351 Latest messages: You miss wildly and stumble forwards. The leprechaun hits! You hit the leprechaun! You miss wildly and stumble forwards. You hit the leprechaun! The leprechaun misses! You hit the leprechaun! You hit the leprechaun! The leprechaun misses! You kill the leprechaun! You descend the stairs. Where do you want to travel to? (For instructions type a '?') You descend the stairs. What do you want to use or apply? [aeftxFOUZ or ?*] a You are now wearing a blindfold. You can't see any more. What do you want to use or apply? [aeftxFOUZ or ?*] a You were wearing an uncursed blindfold. You can see again. Where do you want to travel to? (For instructions type a '?') You descend the stairs. What do you want to use or apply? [aeftxFOUZ or ?*] a You are now wearing a blindfold. You can't see any more. Where do you want to travel to? (For instructions type a '?') It hits! You hit it. You hit it. What do you want to use or apply? [aeftxFOUZ or ?*] a You were wearing an uncursed blindfold. You can see again. You hit the earth elemental! The earth elemental turns to flee. You hit the earth elemental! You kill the earth elemental! You see here a tripe ration. You hit the cockatrice! You hit the cockatrice! You hit the cockatrice! The cockatrice misses! The cockatrice misses! You hit the cockatrice! You kill the cockatrice! You see here a cockatrice corpse. Touching a cockatrice corpse is a fatal mistake. You turn to stone... Do you want your possessions identified? [ynq] (y) q Inventory: Amulets c - an uncursed amulet of guarding (being worn) Weapons q - 11 blessed +0 daggers (at the ready) j - the fireproof +0 Sting (weapon in hand) Armor w - a blessed rusty +1 dwarvish iron helm (being worn) b - an uncursed +0 pair of speed boots (being worn) W - an uncursed +0 small shield (being worn) J - an uncursed +2 cloak of displacement (being worn) y - a blessed greased +2 gray dragon scale mail (being worn) Scrolls i - an uncursed scroll of teleportation Rings M - an uncursed ring of slow digestion (on right hand) Wands O - a wand of digging (0:5) U - a wand of slow monster (0:2) Tools f - a blessed bag of holding containing 32 items a - an uncursed blindfold Z - an uncursed brass lantern F - an uncursed oil lamp e - an uncursed skeleton key x - a blessed +0 unicorn horn Gems/Stones S - a blessed luckstone t - a blessed touchstone Contents of the bag of holding: an uncursed amulet of unchanging a +1 bow a blessed +0 dagger 3 blessed +2 daggers 4 blessed +1 daggers 6 +0 daggers 4 +0 daggers an uncursed +0 mummy wrapping an uncursed cram ration 8 uncursed food rations an uncursed lizard corpse 2 uncursed lizard corpses an uncursed scroll of earth an uncursed scroll of create monster an uncursed scroll of identify 2 blessed scrolls of remove curse 3 uncursed scrolls of teleportation a cursed scroll of teleportation 2 uncursed potions of extra healing 2 blessed potions of full healing 3 potions of holy water an uncursed ring of conflict an uncursed ring of free action an uncursed ring of levitation an uncursed ring of protection from shape changers a wand of fire (0:4) a wand of magic missile (0:4) a wand of sleep (0:3) a wand of sleep (0:3) a wand of striking (0:4) a wand of teleportation (0:8) an uncursed jasper stone Tromix the Ranger's attributes: Background: You were a Reconnoiterer, a level 12 male human Ranger. You were chaotic, on a mission for Mars who was opposed by Mercury (lawful) and Venus (neutral). You were in the Dungeons of Doom, on level 19. You entered the dungeon 24351 turns ago. You had 34037 experience points, 5963 more were needed to attain level 13. Basics: You had 0 out of 85 hit points. You had all 60 energy points (spell power). Your armor class was -19. Your wallet was empty. Autopickup was off. Final Characteristics: Your strength was 18/07 (peak:18/08, limit:18/100). Your dexterity was 14 (peak:16, limit:18). Your constitution was 18 (limit:18). Your intelligence was 10 (peak:16, limit:18). Your wisdom was 15 (limit:18). Your charisma was 8 (limit:18). Final Status: You were not hungry. You were unencumbered. You were wielding a dagger. You had expert skill with dagger. Final Attributes: You were piously aligned. You were magic-protected. You were cold resistant. You were sleep resistant. You were shock resistant. You were poison resistant. You saw invisible. You were telepathic. You were aware of the presence of orcs. You had automatic searching. You were invisible to others. You were displaced. You were stealthy. You had slower digestion. You had a large defense bonus (+11). You were protected. You were very fast. You were extremely lucky. You had extra luck. Good luck did not time out for you. You are dead. Miscellaneous: You disabled loading of bones levels. Total elapsed playing time was 8 hours, 33 minutes and 14 seconds. Major events: Turn 1: tromix the chaotic male human Ranger entered the dungeon 1061: attained the rank of Lookout (level 3) 2990: entered the Gnomish Mines 3382: reached Mine Town 3432: attained the rank of Trailblazer (level 6) 6187: entered Sokoban 8407: completed 1st Sokoban level 8790: completed 2nd Sokoban level 9166: completed 3rd Sokoban level 9847: completed 4th Sokoban level 10240: attained the rank of Reconnoiterer (level 10) 10373: acquired the Sokoban bag of holding 11972: acquired the Mines' End luckstone 12424: was bestowed with Sting by Mars 20416: was bestowed with Ogresmasher by Mars 21806: made his first wish - "blessed greased +2 gray dragon scale mail", got "a greased gray dragon scale mail" 24351: petrified by a cockatrice corpse Vanquished creatures: an orange dragon a titanothere a captain 2 nurses a lurker above a ghost a queen bee 2 winged gargoyles a mind flayer 5 giant mimics 2 long worms a fire giant an ice troll 3 rock trolls an umber hulk a flesh golem 3 elven monarchs 4 large mimics a wumpus 2 couatls 3 stalkers an air elemental an earth elemental a water elemental 2 hill giants a giant mummy a giant zombie a warg a winter wolf 12 small mimics a warhorse 4 xans an ettin mummy an ogre leader 3 quantum mechanics a troll a sasquatch a wood golem 2 gelatinous cubes a freezing sphere 2 flaming spheres 2 shocking spheres 5 tigers 3 gargoyles a dwarf ruler a tengu 3 ochre jellies 2 leocrottas an elf mummy a python a pit viper 4 wraiths 3 leather golems a Grey-elf a soldier a horned devil 2 chameleons 3 giant beetles 2 quivering blobs 4 cockatrices 4 wolves a lynx a panther a spotted jelly 82 leprechauns 6 iron piercers 4 giant spiders 5 scorpions a horse an ice vortex 4 black lights a vampire bat 21 forest centaurs 4 gnome rulers an orc mummy 3 dwarf mummies an ogre 3 owlbears 2 yetis 2 gold golems a werewolf a Green-elf 7 lizards 4 chickatrices a housecat 2 jaguars 2 dwarf leaders 5 blue jellies 3 white unicorns 3 dust vortices 5 ravens 9 plains centaurs 2 snakes 3 apes a rope golem 2 Woodland-elves 7 fire ants 9 bugbears an imp 2 quasits 2 wood nymphs 5 water nymphs 2 mountain nymphs 3 Mordor orcs 3 Uruk-hai an orc shaman 6 rock piercers a rock mole 4 ponies a fog cloud 7 yellow lights 2 shriekers 4 violet fungi 23 gnome leaders 8 gnomish wizards a kobold mummy 2 gray oozes a barrow wight 2 elf zombies 2 straw golems a baby crocodile 11 giant ants 3 little dogs 8 floating eyes 3 kittens 28 dwarves a kobold leader 4 kobold shamans 25 hill orcs 9 rothes 3 rabid rats 3 centipedes 2 giant bats a monkey 6 orc zombies a dwarf zombie a wererat a werejackal 9 iguanas 21 killer bees 6 acid blobs 4 coyotes 2 gas spores 5 hobbits a manes 8 large kobolds 9 hobgoblins 9 cave spiders a brown mold a yellow mold a green mold 63 gnomes 2 garter snakes 2 gnome zombies 8 geckos 17 jackals 2 foxes 3 kobolds 4 goblins 5 sewer rats 14 grid bugs 2 bats 9 lichens 2 kobold zombies 16 newts 753 creatures vanquished. No species were genocided or became extinct. Voluntary challenges: You read items or engraved 35 times. You never engraved Elbereth. You never genocided any monsters. You never polymorphed an object. You never changed form. You used 1 wish. You did not wish for any artifacts. You did not violate any of the special Sokoban rules. Achievements: You attained the rank of Lookout. You entered the Gnomish Mines. You entered Minetown. You entered a temple. You entered a shop. You attained the rank of Trailblazer. You entered Sokoban. You attained the rank of Reconnoiterer. You completed Sokoban. You completed the Gnomish Mines. The Dungeons of Doom: levels 1 to 26 Level 1: A sink. Level 2: An altar to Mars, a fountain. Level 3: Some altars, a fountain. Stairs down to The Gnomish Mines. Level 4: Many fountains. Level 5: An altar, a fountain, a sink. Level 6: Level 7: Some fountains. Oracle of Delphi. Level 8: Many altars. Stairs up to Sokoban, level 7. Level 9: Level 10: Some fountains. Level 11: A sink, a grave. Level 12: An altar to Mars. Level 13: A scroll shop, a fountain. Summoned by Orion. Portal to The Quest. Level 14: A temple to Mars, a fountain. Level 15: Level 16: A primitive area. Level 17: A bookstore. Level 18: An altar to Mars, a grave. Level 19: <- You were here. A sink. Final resting place for you, petrified by a cockatrice corpse. Level 20: A jewelers. Level 21: A fountain. Level 22: Some altars, some fountains, a grave. Level 23: A grave. Level 24: A temple to Mars. Level 25: Level 26: The Gnomish Mines: levels 4 to 11 Level 4: Level 5: Level 6: Level 7: Many shops, a temple, many fountains. Level 8: Level 9: Level 10: Level 11: The Quest: Level 1: Many trees. Home. Sokoban: levels 7 up to 4 Level 4: Solved. Level 5: Solved. Level 6: Solved. Level 7: Solved. Game over: ---------- / \ / REST \ / IN \ / PEACE \ / \ | tromix | | 0 Au | | petrified by a | | cockatrice | | corpse | | | | 2023 | *| * * * | * _________)/\\_//(\/(/\)/\//\/|_)_______ Goodbye tromix the Ranger... You turned to stone in The Dungeons of Doom on dungeon level 19 with 128194 points, and 0 pieces of gold, after 24351 moves. You were level 12 with a maximum of 85 hit points when you turned to stone.